 Dungeon Sprint DCSS version 0.30-a0-760-g5a9884bb7c (webtiles) character file.

Game seed: 248701652237186110

420 sircluck the Unseen (level 6, 0/32 HPs)
             Began as a Spriggan Brigand on Feb 10, 2023.
             Succumbed to an orange demon's poison
             ... while paralysed by a floating eye
             ... in the Dungeon (Sprint I: "Red Sonja").
             The game lasted 00:00:44 (91 turns).

sircluck the Unseen (Spriggan Brigand)                Turns: 91, Time: 00:00:45

Health: 0/32       AC:  3    Str:  7    XL:     6   Next: 62%
Magic:  7/7        EV:  4    Int: 12    God:
Gold:   270        SH:  0    Dex: 19    Spells: 5/5 levels left

rFire   . . .      SeeInvis +    a - +2 dagger
rCold   . . .      Faith    .    (no shield)
rNeg    . . .      Spirit   .    b - +0 robe
rPois   .          Reflect  .    (helmet restricted)
rElec   .          Harm     .    c - +0 cloak
rCorr   .          Rampage  .    (gloves unavailable)
Will    +....      NoTele   +    (boots unavailable)
Stlth   +++++++                  (no amulet)
HPRegen 0.25/turn                (no ring)
MPRegen 0.10/turn                (no ring)

@: paralysed, lethally poisoned (0 -> -21), very quick
A: very small, no large weapons, unfitting armour, see invisible, speed 3
a: no special abilities


You were in the Dungeon.
You visited 1 branch You collected 270 gold pieces.

Inventory:

Hand Weapons
 a - a +2 dagger (weapon)
Missiles
 d - 9 poisoned darts (quivered)
 e - 3 curare-tipped darts
Armour
 b - a +0 robe (worn)
 c - a +0 cloak (worn)
 m - a +2 robe of fire resistance
Wands
 l - a wand of polymorph (11)
Scrolls
 k - a scroll of blinking
Potions
 f - a potion of curing
 g - 2 potions of heal wounds
 h - a potion of haste
 i - 2 potions of magic
 j - a potion of berserk rage


   Skills:
 + Level 3.6 Fighting
 + Level 5.3 Short Blades
 + Level 4.6 Throwing
 + Level 2.2 Dodging
 + Level 18.9 Stealth


You had 5 spell levels left.
You didn't know any spells.
Your spell library was empty.

Dungeon Overview and Level Annotations

Branches:
Dungeon (1/1)

Altars:
Makhleb
Xom
Jiyva
Lugonu


Innate Abilities, Weirdness & Mutations

You are very small and have problems with some larger weapons.
You are too small for most types of armour.
You have supernaturally acute eyesight. (SInv)
You cover ground extremely quickly. (Speed+++)


Message History

The floating eye gazes piercingly through you!
You suddenly lose the ability to move!
The kobold demonologist hits you with a +0 dagger.
The kobold demonologist gestures wildly while chanting.
The floating eye's stare focuses on you.
The floating eye gazes piercingly through you!
You shrug off the repeated paralysis!
The kobold demonologist gestures wildly while chanting.
The floating eye's view fixates on you.
The kobold demonologist hits you with a +0 dagger.
The crimson imp hits you.
You can move again.
You hit the kobold demonologist but do no damage.
The kobold demonologist casts a cantrip, but nothing happens.
The floating eye gazes piercingly through you!
You shrug off the repeated paralysis!
You hit the kobold demonologist.
The kobold demonologist is lightly wounded.
The crimson imp hits you.
You completely miss the kobold demonologist.
The kobold demonologist is lightly wounded.
The kobold demonologist misses you. The crimson imp completely misses you.
The orange demon closely misses you.
You barely miss the kobold demonologist.
The kobold demonologist is lightly wounded.
The floating eye seems to glare at you.
The kobold demonologist hits you with a +0 dagger.
The crimson imp blinks!
The orange demon stings you from afar.
You hit the kobold demonologist.
The kobold demonologist is lightly wounded.
The kobold demonologist casts a cantrip, but nothing happens.
The floating eye gazes piercingly through you!
You suddenly lose the ability to move!
The orange demon stings you from afar!
* * * LOW HITPOINT WARNING * * *
You are lethally poisoned!
The orange demon poisons you!
The kobold demonologist hits you with a +0 dagger.
* * * LOW HITPOINT WARNING * * *
You die...

#####################
)'..#.)'..#__#..@GK5#
.#.)'..#..'..'..#K4.#
###'#####+#_5####5..+
#..# #### #### ####


You could see an orange demon (summoned), 2 kobold demonologists, a floating
eye, a crimson imp (summoned), a white imp (summoned) and a shadow imp
(summoned).

Vanquished Creatures
  Sigmund (D)
  A slime creature (D)
  An ogre (D)
  Ijyb (D)
4 creatures vanquished.

Notes
Turn   | Place    | Note
-------+----------+-------------------------------------------
     0 | D        | sircluck the Spriggan Brigand began the quest for the Orb.
     0 | D        | Reached XP level 1. HP: 10/10 MP: 2/2
     1 | D        | Noticed Ijyb
     4 | D        | Killed Ijyb
     5 | D        | Reached skill level 9 in Stealth
     5 | D        | Reached XP level 2. HP: 15/15 MP: 3/3
     7 | D        | Noticed an ogre
    10 | D        | Killed an ogre
    11 | D        | Reached skill level 13 in Stealth
    11 | D        | Reached XP level 3. HP: 19/19 MP: 4/4
    11 | D        | Reached XP level 4. HP: 23/23 MP: 5/5
    13 | D        | Noticed Sigmund
    16 | D        | Killed Sigmund
    17 | D        | Reached skill level 16 in Stealth
    17 | D        | Reached XP level 5. HP: 28/28 MP: 6/6
    17 | D        | Reached XP level 6. HP: 32/32 MP: 7/7
    62 | D        | Found a burning altar of Makhleb.
    62 | D        | Found a viscous altar of Jiyva.
    62 | D        | Found a shimmering altar of Xom.
    62 | D        | Found a corrupted altar of Lugonu.
    62 | D        | Noticed a slime creature
    65 | D        | Killed a slime creature
    66 | D        | Reached skill level 5 in Short Blades
    66 | D        | Reached skill level 18 in Stealth
    78 | D        | Noticed a kobold demonologist
    78 | D        | Noticed a floating eye
    78 | D        | Noticed a kobold demonologist
    81 | D        | Paralysed by a floating eye for 3 turns
    83 | D        | Noticed an orange demon
    89 | D        | Paralysed by a floating eye for 2 turns
    91 | D        | Succumbed to an orange demon's poison

Illustrated notes

Levels and vault maps discovered:
D:        dungeon_sprint_1 [red_sonja_temple_1, red_sonja_temple_small_1]

Skill      XL: |  1  2  3  4  5  6 |
---------------+-------------------+-----
Fighting       | 2 3 |  3.6
Stealth        | 9 13 16 18 | 18.9
Short Blades   | 3 4 5 |  5.3
Throwing       | 3 4 |  4.6
Dodging        | 2 |  2.2

Action                     |  1- 3 |  4- 6 || total
---------------------------+-------+-------++-------
  Melee: Dagger            |     2 |     9 ||    11
   Stab: Sleeping          |     2 |     2 ||     4
  Dodge: Dodged            |       |     3 ||     3

Table legend: (Time is in decaauts)
 A = Elapsed time spent in this place.
 B = Non-inter-level travel time spent in this place.
 C = Inter-level travel time spent in this place.
 D = Time resting spent in this place.
 E = Time spent auto-exploring this place.
 F = Levels seen in this place.
 G = Mean time per level.
                   A        B        C        D        E       F      G
               +--------+--------+--------+--------+--------+-----+--------+
         Total |     66 |     61 |      5 |      0 |     10 |   1 |   66.0 |
       Dungeon |     66 |     61 |      5 |      0 |     10 |   1 |   66.0 |
               +--------+--------+--------+--------+--------+-----+--------+

Top non-repeatable levels by time:
       D: 66 daAuts
